 Dungeon Crawl Stone Soup version 0.23.2-1-ga50397a6bc (webtiles) character file.

Game seed: 8892003712918445487

86552 Peloso the Peltast (level 15, -7/137 HPs)
             Began as a Minotaur Fighter on Apr 23, 2019.
             Was the Champion of Okawaru.
             Killed by divine providence
             ... invoked by an orc priest
              (11 damage)
             ... on level 2 of the Orcish Mines.
             The game lasted 01:08:12 (23737 turns).

Peloso the Peltast (Minotaur Fighter)              Turns: 23737, Time: 01:08:20

Health: -7/137     AC: 29    Str: 28    XL:     15   Next: 41%
Magic:  15/15      EV: 11    Int:  8    God:    Okawaru [******]
Gold:   2218       SH: 17    Dex: 18    Spells: 14/14 levels left

rFire    + + +     SeeInvis +   a - +7 double sword of Context {slice, Str+2 Int+3 Dex+2}
rCold    + + .     Gourm    .   c - +1 shield {reflect}
rNeg     . . .     Faith    +   J - +3 plate armour {rC+}
rPois    .         Spirit   .   e - +1 hat {SInv}
rElec    +         Reflect  +   V - +2 cloak of Starshine {rElec rC+ Str+4 Dex+3}
rCorr    .         Harm     .   r - +2 pair of gloves {archery}
MR       .....                  Q - +0 pair of boots
Stlth    ..........             G - amulet of faith
HPRegen  0.32/turn              (no ring)
MPRegen  0.14/turn              D - ring "Goatsezo" {+Fly rElec rF+++ MR- Str-2}

@: very slightly contaminated
A: retaliatory headbutt, horns 2
a: Heroism, Finesse, Renounce Religion, Evoke Flight


You were on level 2 of the Orcish Mines.
You worshipped Okawaru.
Okawaru was exalted by your worship.
You were hungry.

You visited 4 branches of the dungeon, and saw 23 of its levels.
You also visited: Sewer, Bailey, Ice Cave and Volcano.

You collected 2455 gold pieces.
You spent 237 gold pieces at shops.

Inventory:

Hand Weapons
 a - the +7 double sword of Context (weapon) {slice, Str+2 Int+3 Dex+2}
   (Okawaru gifted it to you on level 4 of the Lair of Beasts)

   It inflicts extra damage upon your enemies.
   It affects your strength (+2).
   It affects your intelligence (+3).
   It affects your dexterity (+2).
 b - a +2 scimitar of flaming
 i - a +1 vampiric demon blade
Armour
 c - a +1 shield of reflection (worn)
 e - a +1 hat of see invisible (worn)
 r - a +2 pair of gloves of archery (worn)
 J - a +3 plate armour of cold resistance (worn)
 K - +0 acid dragon scales
 Q - a +0 pair of boots (worn)
 S - a scarf of resistance
 V - the +2 cloak of Starshine (worn) {rElec rC+ Str+4 Dex+3}
   (Okawaru gifted it to you on level 3 of the Lair of Beasts)

   It affects your strength (+4).
   It affects your dexterity (+3).
   It protects you from cold.
   It insulates you from electricity.
Jewellery
 w - a cursed amulet of inaccuracy {unknown}
 D - the ring "Goatsezo" (right hand) {+Fly rElec rF+++ MR- Str-2}
   (You found it in an ice cave)

   [ring of flight]

   It affects your strength (-2).
   It renders you almost immune to fire.
   It insulates you from electricity.
   It affects your resistance to hostile enchantments.
   It lets you fly.
 G - an amulet of faith (around neck)
 I - an uncursed ring of see invisible
Wands
 n - a wand of enslavement (5)
 u - a wand of digging (6)
 L - a wand of iceblast (11)
Scrolls
 h - a scroll of fog
 j - 3 scrolls of blinking
 k - 2 scrolls of brand weapon {unknown}
 l - 7 scrolls of remove curse
 o - 5 scrolls of fear
 q - 3 scrolls of random uselessness {unknown}
 v - 2 scrolls of immolation {unknown}
 x - 6 scrolls of teleportation
 y - a scroll of amnesia
 A - 8 scrolls of enchant armour {unknown}
 H - 2 scrolls of magic mapping
 M - a scroll of enchant weapon
 P - a scroll of holy word
Potions
 d - 5 potions of magic
 g - a potion of brilliance
 m - 4 potions of flight
 p - 2 potions of agility
 t - 16 potions of curing
 z - a potion of ambrosia {unknown}
 B - 4 potions of resistance
 C - 2 potions of haste
 E - 3 potions of mutation {unknown}
 F - a potion of experience {unknown}
 R - 4 potions of berserk rage
 T - 4 potions of heal wounds
Comestibles
 f - 29 rations


   Skills:
 + Level 13.7 Fighting
   Level 1.8(10.9) Short Blades
 + Level 17.1(17.2) Long Blades
 + Level 14.5 Armour
 + Level 5.0 Dodging
 + Level 1.3 Stealth
 + Level 17.6 Shields
 + Level 1.5 Invocations
 + Level 1.2 Evocations


You had 14 spell levels left.
You didn't know any spells.
Your spell library contained the following spells:

 Spells                   Type           Power        Failure   Level  Hunger
 Beastly Appendage        Tmut           #.....       95%         1    ##.....
 Magic Dart               Conj           #...         95%         1    ##.....
 Sting                    Conj/Pois      #...         95%         1    ##.....
 Poisonous Vapours        Pois/Air       #.....       99%         2    ###....
 Searing Ray              Conj           #.....       99%         2    ###....
 Sticks to Snakes         Tmut           #.......     99%         2    ###....
 Dazzling Spray           Conj/Hex       #.....       100%        3    ####...
 Mephitic Cloud           Conj/Pois/Air  #.......     100%        3    ####...
 Spider Form              Tmut/Pois      #.........   100%        3    ####...
 Force Lance              Conj/Tloc      #.......     100%        4    #####..
 Fulminant Prism          Conj/Hex       #.........   100%        4    #####..
 Ice Form                 Ice/Tmut       #.......     100%        4    #####..
 Iskenderun's Mystic Bla  Conj           #.......     100%        4    #####..
 Olgreb's Toxic Radiance  Pois           #.......     100%        4    #####..
 Blade Hands              Tmut           #.........   100%        5    ######.
 Venom Bolt               Conj/Pois      #.........   100%        5    ######.


Dungeon Overview and Level Annotations

Branches:
Dungeon (14/15)            Temple (1/1) D:4            Lair (6/6) D:11
 Shoals (0/4) Lair:2        Snake (0/4) Lair:3        Slime (0/5) Lair:6
    Orc (2/2) D:11            Elf (0/3) Orc:2        Vaults (0/5) D:13

Altars:
Cheibriados
Elyvilon
Gozag
Hepliaklqana
Kikubaaqudgha
Makhleb
Okawaru
Sif Muna
Trog
Vehumet
Wu Jian
Xom
Yredelemnul
Zin
The Shining One

Shops:
D:4 %   D:7 =   D:9 [   D:13 *

Portals:
Hell: Lair:6

Annotations:
D:6 1 runed translucent door


Innate Abilities, Weirdness & Mutations

You reflexively headbutt those who attack you in melee.
You have a pair of horns on your head.


Message History

Beogh smites you!
* * * LOW HITPOINT WARNING * * *
You block the orc's attack.
Unknown command.
Okay, then.
Blink to where?
Press: ? - help, Dir - move target cursor You are very lightly contaminated with residual magic.
As you read the scroll of blinking, it crumbles to dust.
The orc wizard points at you and mumbles some strange words.
The puff of frost hits you but does no damage.
Unknown command.
The orc wizard gestures wildly while chanting.
The orc wizard flickers and vanishes for a moment.
The orc priest calls down the wrath of Beogh upon you.
Beogh smites you!
* * * LOW HITPOINT WARNING * * *
The orc priest calls down the wrath of Beogh upon you.
Beogh smites you!
You die... .....).........#....#...# o.o

..##..).......#..$.#....#o.#
#####).)[..#####.....)o....#
###<.).))...###.....oooo...#
.#..........#.......oooo.o.#
........(.......###o.o..#.4#
............#.#.#.oo....#
...
#.......#..[......o.##..# o
.......###......@.### ..#
.......#.#........#.##..#
...####..............#..#
......##..........#.## ..
.......#........#####
................#
.............####
##............##
##............##


You could see an orc high priest, an orc sorcerer, 7 orc priests, 3 orc wizards
and 2 orcs.

Vanquished Creatures
  An orc warlord (Orc:1)
  Azrael (D:12)
  2 ice dragons (IceCv)
  13 hydras
  8 vault guards (D:13)
  2 catoblepae
  A centaur warrior (D:13)
  3 two-headed ogres
  2 death yaks (Lair:3)
  Urug (Lair:3)
  Nergalle (Lair:4)
  A hell knight (Volcano)
  A salamander mystic (Volcano)
  A sixfirhy (Lair:6)
  A wizard (Lair:6)
  An orc knight (Bailey)
  3 ugly things
  3 deep elf magi
  An orc sorcerer (Orc:1)
  2 oklob plants (Lair:5)
  A manticore (D:13)
  9 slime creatures
  4 salamanders (Volcano)
  22 elephants
  8 black mambas
  2 molten gargoyles (Volcano)
  2 rust devils
  A torpor snail (Lair:3)
  2 ice statues (IceCv)
  5 spiny frogs
  5 rime drakes
  An orange demon (Lair:6)
  5 komodo dragons
  2 ice devils (Lair:6)
  A hellwing (Lair:6)
  8 trolls
  2 red devils (Lair:6)
  17 blink frogs
  Grinder (D:3)
  Prince Ribbit (Lair:2)
  A polar bear (Lair:4)
  A snapping turtle (Lair:2)
  7 dream sheep (Lair:5)
  5 hippogriffs
  A shadow (D:13)
  4 wyverns
  A wraith (D:12)
  3 basilisks
  4 fire bats
  39 yaks
  4 fire elementals (D:12)
  6 vampire mosquitoes
  4 wargs
  An acid dragon (D:14)
  5 nagas (Lair:3)
  5 hell hounds (Lair:6)
  7 water moccasins
  10 porcupines
  4 sky beasts
  4 eyes of draining
  2 necrophages
  18 orc warriors
  25 ice beasts
  3 phantoms
  A wolf (Lair:6)
  10 ogres
  7 centaurs
  11 crocodiles
  2 big kobolds
  Blork the orc (D:5)
  17 bullfrogs
  3 scorpions
  15 killer bees
  8 wights
  4 electric eels
  7 crimson imps
  A howler monkey (D:12)
  6 lava snakes (Volcano)
  A bullfrog zombie (D:12)
  4 centaur zombies
  3 hounds
  22 jellies
  18 orc wizards
  20 orc priests
  3 centaur skeletons
  A gnoll shaman (D:5)
  3 bullfrog skeletons
  3 iguanas
  Natasha (thrice) (D:3)
  Terence (D:3)
  9 worker ants
  A killer bee zombie (D:6)
  3 hound skeletons
  21 gnolls
  19 adders
  4 shadow imps
  12 oozes
  2 adder skeletons
  A worm (D:2)
  23 leopard geckos
  69 orcs
  14 ball pythons
  5 bats
  A bat zombie (D:9)
  15 giant cockroaches
  12 goblins
  16 hobgoblins
  8 jackals
  30 kobolds
  7 quokkas
  16 frilled lizards
  A goblin skeleton (D:6)
  6 rats
  A fungus (Lair:1)
  4 plants
787 creatures vanquished.

Vanquished Creatures (others)
  A centaur (D:13)
  3 kobolds (Bailey)
  2 fungi
  2 plants (Lair:6)
8 creatures vanquished.

Grand Total: 795 creatures vanquished

Notes
Turn   | Place    | Note
-------+----------+-------------------------------------------
     0 | D:1      | Peloso the Minotaur Fighter began the quest for the Orb.
     0 | D:1      | Reached XP level 1. HP: 19/19 MP: 0/0
   188 | D:1      | Reached XP level 2. HP: 27/27 MP: 1/1
   659 | D:2      | Reached XP level 3. HP: 23/33 MP: 2/2
   892 | D:2      | Reached XP level 4. HP: 31/40 MP: 3/3
   910 | D:2      | Found a white marble altar of Elyvilon.
   911 | D:2      | Found a glowing golden altar of the Shining One.
   962 | D:2      | You fall through a shaft for 2 floors!
  1006 | D:4      | Noticed an ogre
  1017 | D:4      | Killed an ogre
  1017 | D:4      | Reached skill level 1 in Dodging
  1017 | D:4      | Reached skill level 5 in Shields
  1017 | D:4      | Reached XP level 5. HP: 47/47 MP: 4/4
  1057 | D:4      | Found Korr's Food Emporium.
  1066 | D:4      | Reached XP level 6. HP: 53/53 MP: 5/5
  1116 | D:4      | Found a radiant altar of Vehumet.
  1523 | D:4      | Found a staircase to the Ecumenical Temple.
  1593 | Temple   | Entered the Ecumenical Temple
  1610 | Temple   | Became a worshipper of Warmaster Okawaru
  1666 | D:4      | Reached skill level 5 in Armour
  1946 | D:3      | Reached skill level 5 in Long Blades
  2006 | D:3      | Noticed Natasha
  2026 | D:3      | Killed Natasha
  2026 | D:3      | Reached XP level 7. HP: 29/60 MP: 6/6
  2076 | D:3      | Noticed Grinder
  2079 | D:3      | Paralysed by Grinder for 5 turns
  2085 | D:3      | Noticed Terence
  2097 | D:3      | Paralysed by Grinder for 5 turns
  2113 | D:3      | Killed Grinder
  2113 | D:3      | Reached * piety under Okawaru
  2117 | D:3      | Killed Terence
  2177 | D:3      | Found a glowing drain.
  2197 | Sewer    | Entered a sewer
  2338 | Sewer    | Reached ** piety under Okawaru
  2357 | Sewer    | Reached skill level 5 in Fighting
  2736 | Sewer    | Reached XP level 8. HP: 56/68 MP: 7/7
  2795 | D:3      | Noticed Natasha
  2801 | D:3      | Killed Natasha
  2861 | D:3      | Found a shimmering altar of Xom.
  2915 | D:3      | Noticed Natasha
  2925 | D:3      | Killed Natasha
  3759 | D:5      | Entered Level 5 of the Dungeon
  4036 | D:5      | Noticed Blork the orc
  4055 | D:5      | Killed Blork the orc
  5240 | D:5      | Noticed a rust devil
  5240 | D:5      | Noticed a rust devil
  5343 | D:6      | Reached *** piety under Okawaru
  5381 | D:6      | Found a runed translucent door.
  5394 | D:6      | Reached XP level 9. HP: 66/75 MP: 8/8
  5399 | D:6      | Found a basalt altar of Yredelemnul.
  5512 | D:6      | Found an ornate altar of the Wu Jian Council.
  6137 | D:7      | Found Palibby's Jewellery Shop.
  6330 | D:7      | Reached **** piety under Okawaru
  6932 | D:8      | Reached skill level 10 in Long Blades
  7010 | D:8      | Reached skill level 10 in Shields
  7523 | D:9      | Reached XP level 10. HP: 67/84 MP: 9/9
  7673 | D:9      | Found an ancient bone altar of Kikubaaqudgha.
  7800 | D:9      | Reached ***** piety under Okawaru
  7875 | D:9      | Found Languusm's Antique Armour Shoppe.
  7889 | D:9      | Bought a turquoise-encrusted chain mail for 237 gold pieces
  7903 | D:9      | Identified the cursed +1 chain mail of Quantum Leap {rCorr
                  | Dex+3} (You bought it in a shop on level 9 of the Dungeon)
  7925 | D:9      | Noticed a two-headed ogre
  7942 | D:9      | Killed a two-headed ogre
  8089 | D:9      | Received a gift from Okawaru
  8943 | D:5      | Killed a rust devil
  9520 | D:6      | Killed a rust devil
  9812 | D:10     | Entered Level 10 of the Dungeon
  9841 | D:10     | Reached skill level 1 in Invocations
  9856 | D:10     | Reached skill level 10 in Armour
 10358 | D:10     | Reached XP level 11. HP: 94/94 MP: 10/10
 10669 | D:11     | Noticed a cyan ugly thing
 10688 | D:11     | Killed a cyan ugly thing
 10957 | D:11     | Found a staircase to the Orcish Mines.
 11385 | D:11     | Found a staircase to the Lair.
 11532 | Lair:1   | Entered Level 1 of the Lair of Beasts
 11560 | Lair:1   | Received a gift from Okawaru
 11922 | Lair:1   | Noticed a six-headed hydra
 11937 | Lair:1   | Killed a six-headed hydra
 12729 | Lair:2   | Noticed a seven-headed hydra
 12743 | Lair:2   | Killed a seven-headed hydra
 12743 | Lair:2   | Reached skill level 1 in Short Blades
 13273 | Lair:2   | Noticed Prince Ribbit
 13290 | Lair:2   | Received a gift from Okawaru
 13304 | Lair:2   | Killed Prince Ribbit
 13311 | Lair:2   | Reached XP level 12. HP: 77/104 MP: 12/12
 13786 | Lair:2   | Found a staircase to the Shoals.
 13931 | Lair:3   | Noticed Urug
 13940 | Lair:3   | Killed Urug
 13940 | Lair:3   | Received a gift from Okawaru
 13944 | Lair:3   | Got a smoking quarterstaff {god gift}
 14264 | Lair:3   | Found a staircase to the Snake Pit.
 14355 | Lair:3   | Reached ****** piety under Okawaru
 14355 | Lair:3   | Received a gift from Okawaru
 14363 | Lair:3   | Got a spiked cloak {god gift}
 14374 | Lair:3   | Identified the +2 cloak of Starshine {rElec rC+ Str+4
                  | Dex+3} (Okawaru gifted it to you on level 3 of the Lair of
                  | Beasts)
 14465 | Lair:3   | Noticed a seven-headed hydra
 14470 | Lair:3   | Killed a four-headed hydra
 14470 | Lair:3   | Reached skill level 10 in Fighting
 14817 | Lair:3   | Noticed a five-headed hydra
 14824 | Lair:3   | Killed a two-headed hydra
 14902 | Lair:3   | Noticed a seven-headed hydra
 14913 | Lair:3   | Killed a four-headed hydra
 14930 | Lair:3   | Noticed a death yak
 14931 | Lair:3   | Noticed a death yak
 15431 | Lair:3   | Killed a death yak
 15437 | Lair:3   | Killed a death yak
 15669 | Lair:3   | Identified the +1 quarterstaff of the Establishment
                  | {protect, Str+2 Dex+2} (Okawaru gifted it to you on level 3
                  | of the Lair of Beasts)
 15732 | Lair:4   | Received a gift from Okawaru
 15732 | Lair:4   | Reached XP level 13. HP: 114/114 MP: 13/13
 15755 | Lair:4   | Noticed Nergalle
 15763 | Lair:4   | Killed Nergalle
 15813 | Lair:4   | Found a frozen archway.
 15835 | Lair:4   | Got a brightly glowing double sword {god gift}
 15836 | Lair:4   | Identified the +7 double sword of Context {slice, Str+2
                  | Int+3 Dex+2} (Okawaru gifted it to you on level 4 of the
                  | Lair of Beasts)
 15856 | IceCv    | Entered an ice cave
 15941 | IceCv    | Received a gift from Okawaru
 16079 | IceCv    | Reached skill level 15 in Shields
 16159 | IceCv    | Got a steaming ivory ring
 16161 | IceCv    | Identified the ring "Goatsezo" {+Fly rElec rF+++ MR- Str-2}
                  | (You found it in an ice cave)
 17765 | Lair:5   | Reached skill level 1 in Stealth
 17874 | Lair:5   | Reached skill level 1 in Evocations
 18026 | Lair:5   | Reached skill level 15 in Long Blades
 18073 | Lair:5   | Got a fine hand crossbow
 18074 | Lair:5   | Identified the +6 hand crossbow of Triumph {elec, rC+ rN+
                  | MR- Int+3} (You found it on level 5 of the Lair of Beasts)
 18489 | Lair:6   | Entered Level 6 of the Lair of Beasts
 18561 | Lair:6   | Found a dark tunnel.
 18591 | Volcano  | Entered a volcano
 18744 | Volcano  | Received a gift from Okawaru
 18788 | Volcano  | Found a bloodstained altar of Trog.
 19305 | Lair:6   | Reached XP level 14. HP: 108/124 MP: 14/14
 19469 | Lair:6   | Found a staircase to the Slime Pits.
 19571 | Lair:6   | Received a gift from Okawaru
 19955 | Lair:6   | Found a burning altar of Makhleb.
 20009 | Lair:6   | Found a gateway to Hell.
 20966 | D:12     | Received a gift from Okawaru
 21302 | D:12     | Noticed Azrael
 21306 | D:12     | Killed Azrael
 21748 | D:13     | Received a gift from Okawaru
 21921 | D:13     | Reached XP level 15. HP: 99/135 MP: 15/15
 21937 | D:13     | Found a gate to the Vaults.
 22008 | D:13     | Received a gift from Okawaru
 22114 | D:13     | Found Suny's General Store.
 22395 | D:14     | Found a flagged portal.
 22410 | Bailey   | Entered a bailey
 23191 | Orc:1    | Entered Level 1 of the Orcish Mines
 23278 | Orc:1    | Noticed an orc warlord
 23323 | Orc:1    | Killed an orc warlord
 23323 | Orc:1    | Reached skill level 5 in Dodging
 23551 | Orc:2    | Entered Level 2 of the Orcish Mines
 23679 | Orc:2    | Found a staircase to the Elven Halls.
 23737 | Orc:2    | HP: 4/137 [orc priest/divine providence (10)]
 23737 | Orc:2    | Killed from afar by an orc priest

Skill      XL: |  1  2  3  4  5  6  7  8  9 10 11 12 13 14 15 |
---------------+----------------------------------------------+-----
Armour         | 4 5 6 7 8 10 11 12 13 14 | 14.5
Shields        | 4 5 6 7 8 10 11 13 14 15 17 | 17.6
Fighting       | 4 5 6 8 9 10 11 13 | 13.7
Long Blades    | 3 4 5 6 8 10 11 12 14 15 16 17 | 17.1
Dodging        | 1 2 3 4 5 |  5.0
Invocations    | 1 |  1.5
Short Blades   | 1 |  1.8
Stealth        | 1 |  1.3
Evocations     | 1 |  1.2

Action                   |  1- 3 |  4- 6 |  7- 9 | 10-12 | 13-15 || total
-------------------------+-------+-------+-------+-------+-------++-------
Melee: Long sword        |    85 |    89 |   564 |    99 |       ||   837
       Headbutt          |     9 |    19 |   111 |   248 |   291 ||   678
       Falchion          |       |       |       |   569 |       ||   569
       Short sword       |       |       |       |    20 |       ||    20
       Scimitar          |       |       |       |   220 |    68 ||   288
       Double sword      |       |       |       |       |   814 ||   814
Invok: Heroism           |       |       |       |     8 |     1 ||     9
       Finesse           |       |       |       |     2 |       ||     2
Evoke: Wand              |       |       |       |       |     6 ||     6
  Use: Scroll            |       |     2 |    11 |    12 |     5 ||    30
       Potion            |       |     1 |     3 |     5 |     1 ||    10
  Eat: Chunk             |       |     4 |    11 |    18 |    18 ||    51
       Ration            |       |       |     2 |     3 |     2 ||     7
Armor: Scale mail        |    22 |       |       |       |       ||    22
       Chain mail        |    30 |    36 |   240 |    43 |       ||   349
       Plate armour      |       |       |   116 |   240 |   399 ||   755
Dodge: Dodged            |    23 |    13 |   156 |   200 |   275 ||   667
Block: Shield            |    59 |    39 |   385 |   507 |   813 ||  1803
       Reflection        |       |       |       |     6 |    42 ||    48
       Rpst.: Long sword |     7 |     4 |    33 |     6 |       ||    50
       Falchion          |       |       |       |    31 |       ||    31
       Scimitar          |       |       |       |    16 |     4 ||    20
       Double sword      |       |       |       |       |    60 ||    60
